 Dungeon Crawl Stone Soup version 0.31-a0-986-g5e6e4ef867 (webtiles) character file.

Game seed: 10829227292223281105

1901 Crabhammer the Martial Artist (level 9, 0/53 HPs)
             Began as an Octopode Shapeshifter on Nov 23, 2023.
             Was a Believer of Wu Jian.
             Slain by a steam dragon (2 damage)
             ... on level 7 of the Dungeon.
             The game lasted 00:24:50 (5921 turns).

Crabhammer the Martial Artist (OpSh)                Turns: 5921, Time: 00:24:54

Health: 0/53       AC:  1    Str: 14    XL:     9   Next: 15%
Magic:  9/9        EV: 14    Int: 12    God:    Wu Jian [**....]
Gold:   424        SH:  0    Dex: 21    Spells: 8/8 levels left

rFire   . .          .
                       - Unarmed
rCold   . . .        a - orb {light}
rNeg    + . .        (helmet currently unavailable)
rPois   .            i - amulet of regeneration
rElec   .            o - ring of positive energy
rCorr   .            B - +6 ring of dexterity
SInv    .            (no ring)
Will    .....        (no ring)
Stlth   +            (no ring)
HPRegen 1.08/turn    (no ring)
MPRegen 0.11/turn    (no ring)
                     (no ring)

%: no passive effects
@: beast-form, glowing
A: beast (slay +4), almost no armour, amphibious, 8 rings, camouflage 1,
gelatinous body 1, (nimble swimmer 1), tentacles
a: Begin Untransformation, Renounce Religion, Wall Jump


You were on level 7 of the Dungeon.
You worshipped Wu Jian.
Wu Jian was pleased with you.
You were a hulking beast.
You visited 2 branches of the dungeon, and saw 8 of its levels.

You collected 424 gold pieces.

Inventory:

Missiles
 g - 53 stones
 l - 13 poisoned darts
 v - 2 boomerangs
 y - a throwing net
Armour
 a - an orb of light (worn)
Jewellery
 i - an amulet of regeneration (around mantle)
 o - a ring of positive energy (left tentacle)
 p - an amulet of guardian spirit
 B - a +6 ring of dexterity (right tentacle)
Talismans
 b - a beast talisman (active)
 c - a flux talisman
Wands
 n - a wand of quicksilver (11)
 t - a wand of flame (8) (quivered)
Scrolls
 h - 3 scrolls of identify
 j - 2 scrolls of brand weapon
 k - 2 scrolls of revelation
 m - 2 scrolls of immolation
 r - 5 scrolls of teleportation {unknown}
 s - a scroll of noise {unknown}
 w - a scroll of fog {unknown}
Potions
 d - 2 potions of brilliance
 e - a potion of curing
 f - a potion of heal wounds
 q - a potion of invisibility
 u - a potion of might {unknown}
 x - a potion of ambrosia {unknown}
 z - a potion of cancellation {unknown}
 A - a potion of magic {unknown}


   Skills:
 + Level 1.1 Fighting
 + Level 2.0 Dodging
 + Level 9.5 Unarmed Combat
 + Level 0.4 Evocations
 * Level 7.3 Shapeshifting


You had 8 spell levels left.
You didn't know any spells.
Your spell library contained the following spells:

 Spells                   Type           Power      Damage    Failure   Level
 Necrotise                Necr           0%         1d4       32%         1
 Cigotuvi's Dreadful Rot  Necr/Pois/Air  0%         N/A       45%         2
 Vampiric Draining        Necr           0%         2d6       69%         3
 Cause Fear               Hex            0%         N/A       97%         4
 Agony                    Necr           0%         N/A       100%        5
 Borgnjor's Vile Clutch   Necr/Erth      0%         N/A       100%        5
 Fireball                 Conj/Fire      0%         3d3       100%        5
 Dragon's Call            Summ           0%         N/A       100%        9


Dungeon Overview and Level Annotations

Branches:
Dungeon (7/15)             Temple (1/1) D:6

Altars:
Ashenzari
Cheibriados
Dithmenos
Elyvilon
Fedhas
Makhleb
Okawaru
Qazlal
Ru
Trog
Uskayaw
Vehumet
Wu Jian
Xom
Yredelemnul
The Shining One

Shops:
D:2 !


Innate Abilities, Weirdness & Mutations

You are a hulking beast.
Your limbs bulge with bestial killing power. (Slay +4)
You cannot wear most types of armour.
You are amphibious.
You can wear up to eight rings at the same time.
Your skin changes colour to match your surroundings (Stealth+).
Your rubbery body absorbs attacks. (AC +1, EV +1)
((You are camouflaged when in or above water. (Stealth+)))
You have tentacles for arms and can constrict up to eight enemies at once.


Message History

You turn into a hulking beast.
You start resting.
HP restored.
An electric eel comes into view.
The electric eel shoots out a bolt of lightning at you!
The bolt of electricity hits the plant!
The plant begins to die.
The bolt of electricity misses you.
A steam dragon comes into view.
The steam dragon hisses angrily.
You bludgeon the plant!
The plant begins to die.
You grab the plant. You squeeze the plant.
The plant is lightly damaged.
You constrict the plant.
The electric eel shoots out a bolt of lightning at you!
The bolt of electricity hits the plant!
The bolt of electricity hits you!
You release your grip on the plant.
A nearby plant withers and dies.
The electric eel shoots out a bolt of lightning at you!
The bolt of electricity hits you!
The electric eel shoots out a bolt of lightning at you!
The bolt of electricity hits you!
You start resting.
A steam dragon is nearby!
The steam dragon barely misses you. The steam dragon claws you.
You bludgeon the steam dragon!
The steam dragon is moderately wounded.
The steam dragon bites you. The steam dragon claws you.
You tentacle-slap the steam dragon. You squeeze the steam dragon!
The steam dragon is severely wounded.
The steam dragon breathes steam at you. The ball of steam hits you!
* * * LOW HITPOINT WARNING * * *
You tentacle-slap the steam dragon but do no damage.
The steam dragon is severely wounded.
You are engulfed in a cloud of scalding steam.
* * * LOW HITPOINT WARNING * * *
The steam dragon bites you.
* * * LOW HITPOINT WARNING * * *
The steam dragon claws you.
You die...

# #.. ######### ...
##......# #.#
##.####.# # #.#
##.####.# #.#.#
....[...#
#.#.####♣~~
##....>.#
#.......~~~
#....^.######.####♣
##......†......h..♣
#.....#######D###♣♣
≈ ####### #.##.~♣
≈≈≈ #....~♣P≈≈≈≈
#....~P~~≈≈≈
##...P~S~P≈≈
#....♣♣D~≈≈ #....♣
~P≈ ###.#♣ P~


You could see a steam dragon (catching breath).

Vanquished Creatures
  An ogre (D:5)
  An ice beast (D:7)
  A sky beast (D:7)
  A black bear (D:6)
  A centaur (D:6)
  Blork the orc (D:5)
  A kobold brigand (D:6)
  A scorpion (D:5)
  3 wights (D:6)
  A killer bee (D:7)
  A howler monkey (D:7)
  An electric eel (D:7)
  4 jellies
  A gnoll bouda (D:6)
  9 hounds
  An orc priest (D:3)
  An iguana (D:5)
  A sleepcap (D:6)
  Ijyb (D:5)
  Natasha (thrice) (D:2)
  5 orc wizards
  7 gnolls
  6 adders
  6 ufetubi (D:5)
  2 worms
  A dart slug (D:5)
  22 orcs
  A bat (D:1)
  6 endoplasms
  5 giant cockroaches
  2 goblins
  5 hobgoblins
  6 jackals
  2 quokkas (D:1)
  12 ball pythons
  11 kobolds
  7 rats
141 creatures vanquished.

Notes
Turn   | Place    | Note
-------+----------+-------------------------------------------
     0 | D:1      | Crabhammer the Octopode Shapeshifter began the quest for
                  | the Orb.
     0 | D:1      | Reached XP level 1. HP: 13/13 MP: 1/1
   343 | D:1      | Reached XP level 2. HP: 18/18 MP: 2/2
   843 | D:1      | Reached skill level 4 in Unarmed Combat
   893 | D:1      | Reached XP level 3. HP: 19/23 MP: 3/3
  1280 | D:2      | Noticed Natasha
  1320 | D:2      | Killed Natasha
  1321 | D:2      | Reached XP level 4. HP: 14/28 MP: 4/4
  1406 | D:2      | Reached skill level 5 in Unarmed Combat
  1473 | D:2      | Found Sevacun's Distillery.
  1641 | D:2      | Noticed Natasha
  1862 | D:2      | Killed Natasha
  1871 | D:2      | Noticed Natasha
  1881 | D:2      | Killed Natasha
  1882 | D:2      | Reached XP level 5. HP: 26/33 MP: 5/5
  1947 | D:3      | Found a white marble altar of Elyvilon.
  2025 | D:3      | Found a faded altar of an unknown god.
  2070 | D:3      | Reached skill level 6 in Unarmed Combat
  2318 | D:3      | Found a radiant altar of Vehumet.
  2322 | D:3      | Found an ornate altar of the Wu Jian Council.
  2336 | D:3      | Became a worshipper of the Wu Jian Council
  2569 | D:3      | Found a bloodstained altar of Trog.
  2915 | D:4      | Identified the "Saixish"
  3027 | D:4      | Reached XP level 6. HP: 34/38 MP: 3/6
  3404 | D:4      | Reached skill level 7 in Unarmed Combat
  3892 | D:5      | Entered Level 5 of the Dungeon
  3907 | D:5      | Reached XP level 7. HP: 17/43 MP: 7/7
  4111 | D:5      | Reached * piety under Wu Jian
  4112 | D:5      | Reached skill level 8 in Unarmed Combat
  4375 | D:5      | Found a basalt altar of Yredelemnul.
  4387 | D:5      | Noticed Blork the orc
  4392 | D:5      | Killed Blork the orc
  4393 | D:5      | Reached XP level 8. HP: 41/48 MP: 8/8
  4442 | D:5      | Noticed Ijyb
  4450 | D:5      | Killed Ijyb
  4911 | D:6      | Reached skill level 9 in Unarmed Combat
  4976 | D:6      | Found a staircase to the Ecumenical Temple.
  4986 | D:6      | Reached skill level 5 in Shapeshifting
  4997 | Temple   | Entered the Ecumenical Temple
  5238 | D:6      | Reached ** piety under Wu Jian
  5767 | D:7      | Reached XP level 9. HP: 52/53 MP: 9/9
  5921 | D:7      | HP: 2/53 [steam dragon (3)]
  5921 | D:7      | Slain by a steam dragon

Illustrated notes

Levels and vault maps discovered:
D:1:      heliophobic_arrival_glass_houses, layout_basic
D:2:      layout_loops_ring, serial_glass, glass_columns_a, glass_columns_b,
          serial_shops, shop, uniq_natasha
D:3:      layout_basic, bloody_trog, elyvilon_altar_4,
          grunt_temple_overflow_open, shapermc_ecumenical_altar_gd,
          hangedman_decor_clover_reticule
D:4:      layout_loops_cross
D:5:      layout_cave_pods, mainiacjoe_overflow_paths, uniq_ijyb,
          uniq_blork_the_orc
D:6:      layout_basic, minmay_temple_entry_statues_fountains
D:7:      layout_loops_cross, mainiacjoe_overflow_cross_hatched,
          grunt_temple_overflow_opulence, serial_bayou, serial_bayou_lake_a,
          serial_bayou_pond_e, serial_bayou_pond_b, serial_bayou_pond_b,
          uniq_jeremiah
Temple:   grunt_temple_mini_profane

Skill      XL: |  1  2  3  4  5  6  7  8 |
---------------+-------------------------+-----
Unarmed Combat | 4 5 6 7 8 9 |  9.5
Shapeshifting  | 4 7 |  7.3
Fighting       | |  1.1
Dodging        | |  2.0
Evocations     | |  0.4

Action                     |  1- 3 |  4- 6 |  7- 9 || total
---------------------------+-------+-------+-------++-------
  Melee: Unarmed           |    53 |   116 |   126 ||   295
         Tentacles         |    11 |    18 |    26 ||    55
         Constrict         |    10 |    29 |    31 ||    70
         Punch             |     1 |    10 |     7 ||    18
  Throw: Stone             |     5 |    18 |       ||    23
         Dart              |       |     7 |       ||     7
         Boomerang         |       |       |     6 ||     6
Ability: Lunge             |       |    10 |    28 ||    38
         Whirlwind         |       |       |    11 ||    11
  Evoke: Wand              |       |       |    12 ||    12
    Use: Scroll            |     1 |    10 |       ||    11
         Potion            |       |     1 |       ||     1
   Stab: Sleeping          |     6 |     6 |     1 ||    13
 Armour: Skin              |    18 |    71 |    76 ||   165
  Dodge: Dodged            |    21 |    55 |    58 ||   134
   Form: Flux              |       |       |     2 ||     2
         Beast             |       |       |     2 ||     2

Table legend: (Time is in decaauts)
 A = Elapsed time spent in this place.
 B = Non-inter-level travel time spent in this place.
 C = Inter-level travel time spent in this place.
 D = Time resting spent in this place.
 E = Time spent auto-exploring this place.
 F = Levels seen in this place.
 G = Mean time per level.
                   A        B        C        D        E       F      G
               +--------+--------+--------+--------+--------+-----+--------+
         Total |   5901 |   5439 |    462 |    672 |   3279 |   8 |  737.6 |
       Dungeon |   5899 |   5437 |    462 |    672 |   3279 |   7 |  842.7 |
        Temple |      1 |      1 |      0 |      0 |      0 |   1 |    1.0 |
               +--------+--------+--------+--------+--------+-----+--------+

Top non-repeatable levels by time:
     D:1: 1162 daAuts
     D:3: 1077 daAuts
     D:6: 902 daAuts
     D:5: 890 daAuts
     D:4: 863 daAuts
     D:2: 844 daAuts
     D:7: 159 daAuts
  Temple: 1 daAuts
